 Dungeon Crawl Stone Soup version 0.16-a0-3049-g2a447e9 (webtiles) character file.

38493 Chiseanne the Fighter (level 13, 0/111 HPs)
             Began as a Demonspawn Wanderer on Dec 9, 2014.
             Was a Follower of Ru.
             Slain by a cyclops (12 damage)
             ... on level 15 of the Dungeon.
             The game lasted 01:14:18 (17843 turns).

Chiseanne the Fighter (Demonspawn Wanderer)        Turns: 17843, Time: 01:14:19

Health: 0/111      AC: 24    Str: 20    XL:     13   Next: 64%
Magic:  1/15       EV: 13    Int: 14    God:    Ru [*.....]
Gold:   92         SH:  0    Dex: 15    Spells: 0 memorised, 12 levels left

rFire  . . .     SeeInvis .     s - +3 lajatang (vamp)
rCold  + . .     Clarity  +     S - +1 plate armour of Prudence {Slay+4}
rNeg   + . .     SustAb   .     (no shield)
rPois  .         Gourm    .     i - +1 helmet
rElec  .         Spirit   .     t - +2 cloak
rCorr  .         Warding  .     (no gloves)
rMut   .         Stasis   .     (no boots)
MR     +++..                    w - amulet of the Four Winds {Clar rN+ MR+++}
Stlth  ..........               D - +1 ring of evasion
                                e - +1 ring of protection

@: mighty, exhausted, slowed, very slow, extremely resistant to hostile
enchantments, extremely unstealthy
A: hooves 2, thin metallic scales 1, cold resistance 1, demonic guardian 2, no
stealth, no necromancy magic, no poison magic, no translocations magic
a: Renounce Religion


You were on level 15 of the Dungeon.
You worshipped Ru.
Ru was aware of your devotion.
You were hungry.

You visited 2 branches of the dungeon, and saw 16 of its levels.
You also visited: Sewer.

You collected 1193 gold pieces.
You spent 1101 gold pieces at shops.

Inventory:

Hand weapons
 a - a +6 quarterstaff of chaos
 s - a +3 vampiric lajatang (weapon)
 F - a +2 flail of protection
 V - a +2 demon whip of venom
 W - a +0 blowgun
Missiles
 E - 4 throwing nets (quivered)
 G - 18 poisoned needles
 U - 4 curare-tipped needles
Armour
 i - a +1 helmet (worn)
 q - a +1 scale mail of poison resistance
 t - a +2 cloak (worn)
 L - the +2 leather armour of Hadjma {Slay+1}
   (You found it on level 5 of the Dungeon)

   It affects your accuracy and damage with ranged weapons and melee attacks
   (+1).
 P - a +0 shield
 S - the +1 plate armour of Prudence (worn) {Slay+4}
   (You acquired it on level 11 of the Dungeon)

   It affects your accuracy and damage with ranged weapons and melee attacks
   (+4).
Jewellery
 e - a +1 ring of protection (left hand)
 w - the amulet of the Four Winds (around neck) {Clar rN+ MR+++}
   (You bought it in a shop on level 15 of the Dungeon)

   [amulet of clarity]

   It provides mental clarity.
   It protects you from negative energy.
   It affects your resistance to hostile enchantments.
 D - a +1 ring of evasion (right hand)
 M - an uncursed amulet of warding
Magical devices
 o - a wand of digging (10)
 v - a wand of digging (12)
 x - a wand of confusion (12)
 A - a wand of draining (7)
 I - a wand of hasting (1)
Scrolls
 l - 7 scrolls of teleportation
 m - 10 scrolls of remove curse
 r - a scroll of identify
 z - 3 scrolls of fear
 C - 6 scrolls of amnesia
 J - 3 scrolls of enchant armour
 K - a scroll of recharging
 N - a scroll of magic mapping
 O - 6 scrolls of fog
Potions
 h - 3 potions of cancellation
 j - a potion of mutation
 n - a potion of brilliance
 p - 4 potions of restore abilities
 u - 2 potions of ambrosia
 B - 2 potions of curing
 Q - 5 potions of magic
 Y - 4 potions of resistance
 Z - 2 potions of heal wounds
Books
 g - a book of Flames

   Spells                             Type                      Level
   a - Flame Tongue                   Conjuration/Fire             1
   b - Throw Flame                    Conjuration/Fire             2
   c - Conjure Flame                  Conjuration/Fire             3
   d - Inner Flame                    Hexes/Fire                   3
   e - Sticky Flame                   Conjuration/Fire             4
   f - Fireball                       Conjuration/Fire             5
 y - a book of Clouds

   Spells                             Type                      Level
   a - Mephitic Cloud                 Conjuration/Poison/Air       3
   b - Conjure Flame                  Conjuration/Fire             3
   c - Poisonous Cloud                Conjuration/Poison/Air       6
   d - Freezing Cloud                 Conjuration/Ice/Air          6
   e - Ring of Flames                 Charms/Fire                  7
 H - a book of the Warp

   Spells                             Type                      Level
   a - Recall                         Summoning/Translocation      3
   b - Control Teleport               Charms/Translocation         4
   c - Force Lance                    Conjuration/Translocation    4
   d - Phase Shift                    Translocation                5
   e - Warp Weapon                    Charms/Translocation         5
   f - Summon Forest                  Summoning/Translocation      5
   g - Gell's Gravitas                Hexes/Translocation          6
 R - a book of Control

   Spells                             Type                      Level
   a - Control Teleport               Charms/Translocation         4
   b - Control Undead                 Necromancy                   4
   c - Enslavement                    Hexes                        4
   d - Metabolic Englaciation         Hexes/Ice                    5
   e - Mass Confusion                 Hexes                        6
 X - a book of the Earth

   Spells                             Type                      Level
   a - Leda's Liquefaction            Hexes/Earth                  4
   b - Bolt of Magma                  Conjuration/Fire/Earth       5
   c - Statue Form                    Transmutation/Earth          6
   d - Iron Shot                      Conjuration/Earth            6
   e - Shatter                        Earth                        9
Miscellaneous
 c - a phantom mirror
Comestibles
 b - 13 meat rations
 f - 11 bread rations
 k - 4 slices of pizza


   Skills:
 * Level 13.0 Fighting
   Level 1.0 Short Blades
 - Level 8.9 Staves
   Level 1.7 Crossbows
 * Level 10.7 Armour
 * Level 12.2 Dodging
 - Level 1.0 Shields
 - Level 1.0 Evocations


You had 12 spell levels left.
You didn't know any spells.

Dungeon Overview and Level Annotations

Branches:
Dungeon (15/15)            Temple (1/1) D:5            Lair (0/8) D:9
    Orc (0/4) D:9          Vaults (0/5) D:14
 Depths: D:15

Altars:
Ashenzari
Cheibriados
Dithmenos
Elyvilon
Fedhas
Gozag
Kikubaaqudgha
Makhleb
Nemelex Xobeh
Okawaru
Qazlal
Ru
Sif Muna
Trog
Vehumet
Xom
Yredelemnul
Zin
The Shining One
Beogh

Shops:
D:5 ?   D:13 }   D:15 *

Portals:
Trove: D:12 (give +5 demon blade)

Annotations:
D:4 runed door


Innate Abilities, Weirdness & Mutations

You have hoof-like feet.
You are partially covered in thin metallic scales (AC +2).
Your flesh is cold resistant.
A demonic guardian rushes to your aid.
You cannot be stealthy.
You cannot study or cast Necromancy magic.
You cannot study or cast Poison magic.
You cannot study or cast Translocations magic.


Message History

Your sun demon dies!
You hear a grinding noise.
Things that are here:
a large rock; a short sword The eye of draining gazes at you.
You feel your power leaking away.
The boring beetle bites you but does no damage.
The cyclops hits you but does no damage.
The eye of draining gazes at you. The boring beetle bites you!!
* * * LOW HITPOINT WARNING * * *
You see here a large rock.
You slash the cyclops! Your kick misses the cyclops.
The cyclops is moderately wounded.
The cyclops barely misses you. The boring beetle bites you!
* * * LOW HITPOINT WARNING * * *
You barely miss the cyclops. You kick the cyclops.
The cyclops is heavily wounded.
The cyclops hits you!
You die...

#.########...
#.......##...
##........'...
########........##...
#............#.#.....
#............#.......
#..##..).(.....#.....
#..#........(..#.####
#..C@.(((....(....#
#....BG).)....###..#
#.....#..[..........#
#..........#...####.#
#.#....#######..# .#
#...##....##..# .#
#.............. .#
.............. .
.##.### .


You could see a cyclops, a boring beetle and an eye of draining.

Vanquished Creatures
  A fire giant (D:15)
  Fannar (D:12)
  A rakshasa (D:13)
  A deep troll earth mage (D:15)
  2 tengu warriors (D:15)
  2 skeletal warriors (D:14)
  3 hill giants
  7 ugly things (D:15)
  A cyclops (D:15)
  A wolf spider zombie (D:12)
  A wizard (D:14)
  Psyche (D:13)
  A yaktaur (D:15)
  A komodo dragon (D:12)
  A redback zombie (D:14)
  A gargoyle (D:13)
  An efreet (D:15)
  2 trolls (D:12)
  A jumping spider (D:11)
  5 two-headed ogres
  2 ravens (D:15)
  8 slime creatures (D:13)
  A centaur simulacrum (D:14)
  A wraith (D:12)
  A wyvern (D:15)
  A basilisk (D:15)
  11 yaks
  2 shadows
  A hippogriff (D:13)
  2 deep elf magi (D:11)
  The ghost of Chiseanne the Skirmisher, an average DsWn of Gozag (D:3)
  A hungry ghost (D:13)
  A mottled dragon (D:15)
  2 vampire mosquitoes (D:14)
  A water moccasin (D:7)
  3 ice beasts
  4 sky beasts
  2 black bears
  6 orc warriors
  5 ogres
  3 eyes of draining (D:13)
  4 big kobolds
  4 centaurs
  A crocodile (Sewer)
  13 giant frogs
  A brain worm (D:11)
  A gnoll sergeant (D:7)
  A wyvern skeleton (D:15)
  4 scorpions
  A killer bee (D:12)
  A wight (D:6)
  6 crimson imps
  A quasit (D:6)
  A goliath beetle (D:7)
  A centaur zombie (D:6)
  6 hounds
  6 jellies
  A yellow wasp zombie (D:10)
  2 giant frog skeletons (D:4)
  Crazy Yiuf (D:2)
  3 centaur skeletons
  5 iguanas
  7 orc priests
  A giant frog zombie (D:7)
  A hell rat (D:9)
  14 orc wizards
  4 worker ants
  A killer bee zombie (D:6)
  A mummy (D:10)
  A hound zombie (D:6)
  2 hound skeletons
  2 worker ant zombies
  Robin (D:2)
  15 gnolls
  A river rat (D:4)
  4 shadow imps
  12 adders
  2 giant mites
  2 worms
  2 adder skeletons
  3 adder zombies
  An ooze (D:2)
  7 giant geckos
  48 orcs
  3 giant cockroaches
  20 goblins
  15 hobgoblins
  8 jackals
  38 kobolds
  A sheep (D:4)
  4 ball pythons
  13 bats
  5 giant newts
  5 quokkas
  13 rats
  3 ballistomycetes (D:9)
  4 fungi (D:2)
  2 plants (D:5)
424 creatures vanquished.

Vanquished Creatures (collateral kills)
  A sphinx (D:15)
  3 slime creatures
  A hydra (D:14)
  2 centaur warriors
  2 dancing weapons (D:14)
  2 death yaks (D:9)
  Urug (D:11)
  Erolcha (D:12)
  3 skeletal warriors
  3 hill giants
  A flayed ghost (D:15)
  A griffon (D:15)
  A phantasmal warrior (D:15)
  A red wasp (D:15)
  A cyclops (D:13)
  A manticore (D:15)
  A gargoyle (D:11)
  3 kobold demonologists
  A tengu conjurer (D:13)
  A merfolk (D:11)
  A troll (D:12)
  3 ice beasts
  2 ravens (D:13)
  A deep elf mage (D:12)
  19 yaks
  Grum (D:12)
  A shadow (D:15)
  A steam dragon (D:12)
  2 vampire mosquitoes (D:14)
  4 wolves (D:12)
  A warg (D:9)
  A porcupine (D:9)
  2 orc warriors (D:6)
  A boring beetle (D:15)
  Sigmund (D:5)
  A brain worm (D:15)
  Blork the orc (D:9)
  2 giant frogs
  2 killer bees (D:12)
  4 wights (D:6)
  3 jellies (D:9)
  A giant frog zombie (D:9)
  A crimson imp (D:12)
  4 orc priests
  An iguana (D:5)
  2 orc wizards
  A gnoll (D:3)
  A shadow imp (D:5)
  9 orcs
  A goblin (D:5)
  3 hobgoblins
  9 kobolds
  A ballistomycete (D:9)
119 creatures vanquished.

Vanquished Creatures (others)
  A centaur warrior (D:15)
  11 sun demons
  10 soul eaters
  8 ice devils
  A harpy (shapeshifter) (D:13)
  11 smoke demons
  7 sixfirhies
  A trapdoor spider (D:13)
  A porcupine (D:9)
  A yak zombie (D:12)
  A crimson imp (Sewer)
  An ufetubus (D:3)
  A bat zombie (D:5)
  A giant gecko (D:5)
  A giant spore (D:9)
57 creatures vanquished.

Grand Total: 600 creatures vanquished

Notes
Turn   | Place    | Note
--------------------------------------------------------------
     0 | D:1      | Chiseanne, the Demonspawn Wanderer, began the quest for the Orb.
     0 | D:1      | Chiseanne set off with: a +2 hand crossbow, 2 potions of curing, a +0 robe, 29 bolts, a bread ration
     0 | D:1      | Reached XP level 1. HP: 19/19 MP: 1/1
   241 | D:1      | Gained mutation: You have large cloven feet. [demonic ancestry]
   241 | D:1      | Reached XP level 2. HP: 26/26 MP: 2/2
   961 | D:2      | Noticed Robin
   987 | D:1      | HP: 1/26 [jackal (1)]
  1194 | D:2      | Killed Robin
  1194 | D:2      | Gained mutation: A weak demonic guardian rushes to your aid. [demonic ancestry]
  1194 | D:2      | Reached XP level 3. HP: 30/32 MP: 3/3
  1263 | D:2      | Reached skill level 1 in Dodging
  1290 | D:2      | Reached skill level 5 in Fighting
  1678 | D:2      | Noticed Crazy Yiuf
  1689 | D:2      | Killed Crazy Yiuf
  1689 | D:2      | Reached skill level 1 in Armour
  1689 | D:2      | Gained mutation: You have hoof-like feet. [demonic ancestry]
  1689 | D:2      | Reached XP level 4. HP: 39/39 MP: 4/4
  2275 | D:3      | Found a basalt altar of Yredelemnul.
  2341 | D:3      | Gained mutation: You are partially covered in thin metallic scales (AC +2). [demonic ancestry]
  2341 | D:3      | Reached XP level 5. HP: 37/44 MP: 5/5
  2469 | D:3      | Noticed Chiseanne's ghost (average DsWn)
  2492 | D:3      | Killed Chiseanne's ghost
  2492 | D:3      | Reached XP level 6. HP: 40/51 MP: 7/7
  3348 | D:4      | Found a glowing drain.
  3364 | Sewer    | Entered a sewer
  3406 | Sewer    | Gained mutation: A demonic guardian rushes to your aid. [demonic ancestry]
  3406 | Sewer    | Reached XP level 7. HP: 55/57 MP: 8/8
  4051 | D:4      | Found a runed door.
  4054 | D:4      | Found a runed door.
  4056 | D:4      | Found a runed door.
  4063 | D:4      | Found a runed door.
  4080 | D:4      | Found a runed door.
  4093 | D:4      | Found a runed door.
  4167 | D:4      | Found a shimmering altar of Xom.
  4223 | D:5      | Entered Level 5 of the Dungeon
  4258 | D:5      | Reached skill level 6 in Fighting
  4262 | D:5      | Noticed Sigmund
  4273 | D:5      | Killed Sigmund
  4281 | D:5      | Reached skill level 5 in Dodging
  4327 | D:5      | Found an ancient bone altar of Kikubaaqudgha.
  4368 | D:5      | Got a brightly glowing leather armour
  4385 | D:5      | Identified the +2 leather armour of Hadjma {Slay+1} (You found it on level 5 of the Dungeon)
  4507 | D:5      | Found a staircase to the Ecumenical Temple.
  4518 | Temple   | Entered the Ecumenical Temple
  4616 | Temple   | Became a worshipper of Ru the Awakened
  4770 | D:5      | Found Fraiduar's Magic Scroll Shoppe.
  4784 | D:5      | Bought a scroll of remove curse for 30 gold pieces
  4784 | D:5      | Bought a scroll of remove curse for 30 gold pieces
  4784 | D:5      | Bought a scroll of identify for 20 gold pieces
  4784 | D:5      | Bought a scroll of teleportation for 30 gold pieces
  4784 | D:5      | Bought 3 scrolls of identify for 60 gold pieces
  4784 | D:5      | Bought a scroll of magic mapping for 35 gold pieces
  4784 | D:5      | Bought a scroll of teleportation for 30 gold pieces
  4784 | D:5      | Bought a scroll of fog for 20 gold pieces
  4975 | D:5      | Reached XP level 8. HP: 37/64 MP: 9/9
  5847 | D:6      | Gained mutation: You cannot study or cast Poison magic. [Ru sacrifice]
  5847 | D:6      | Gained mutation: You cannot study or cast Necromancy magic. [Ru sacrifice]
  5847 | D:6      | Gained mutation: You cannot study or cast Translocations magic. [Ru sacrifice]
  5847 | D:6      | Acquired Ru's first power
  5856 | D:6      | Reached skill level 7 in Fighting
  5973 | D:6      | Reached skill level 5 in Armour
  6094 | D:7      | Gained mutation: Your flesh is cold resistant. [demonic ancestry]
  6094 | D:7      | Reached XP level 9. HP: 72/72 MP: 10/10
  6399 | D:7      | Reached skill level 8 in Dodging
  8106 | D:9      | Found a staircase to the Lair.
  8108 | D:9      | Noticed Blork the orc
  8112 | D:9      | Killed Blork the orc
  8113 | D:9      | Noticed a death yak
  8114 | D:9      | Noticed a death yak
  8126 | D:9      | Killed a death yak
  8126 | D:9      | Reached skill level 9 in Dodging
  8133 | D:9      | Killed a death yak
  8137 | D:9      | Reached XP level 10. HP: 36/82 MP: 11/11
  8558 | D:9      | Found a staircase to the Orcish Mines.
  8755 | D:9      | Found a roughly hewn altar of Beogh.
  9428 | D:9      | Reached skill level 10 in Dodging
  9831 | D:10     | Entered Level 10 of the Dungeon
 10838 | D:10     | Noticed a centaur warrior
 10845 | D:10     | Killed a centaur warrior
 10998 | D:11     | Reached skill level 11 in Dodging
 11033 | D:11     | Noticed a hill giant
 11039 | D:11     | Killed a hill giant
 11313 | D:11     | Noticed Urug
 11340 | D:11     | Killed Urug
 11340 | D:11     | Reached XP level 11. HP: 37/90 MP: 12/12
 11823 | D:11     | Reached skill level 10 in Fighting
 11990 | D:11     | Identified a scroll of acquirement
 11993 | D:11     | Got a polished plate armour
 12004 | D:11     | Identified the +1 plate armour of Prudence {Slay+4} (You acquired it on level 11 of the Dungeon)
 12548 | D:12     | Noticed Fannar
 12556 | D:12     | Killed Fannar
 12556 | D:12     | Reached skill level 1 in Staves
 12902 | D:12     | Noticed Grum
 12954 | D:12     | Noticed Erolcha
 12959 | D:12     | Killed Erolcha
 12962 | D:12     | Killed Grum
 12987 | D:12     | Noticed a hill giant
 12997 | D:12     | Killed a hill giant
 13857 | D:12     | Found a portal to a secret trove of treasure.
 13914 | D:13     | Noticed a sun demon
 14039 | D:13     | Reached XP level 12. HP: 87/100 MP: 14/14
 14291 | D:13     | Noticed a hill giant
 14301 | D:13     | Killed a hill giant
 14301 | D:13     | Reached skill level 5 in Staves
 14355 | D:13     | Noticed a rakshasa
 14369 | D:13     | Killed a rakshasa
 15045 | D:13     | Noticed a hill giant
 15056 | D:13     | Killed a hill giant
 15382 | D:13     | Found Hasurou's Gadget Shoppe.
 15920 | D:13     | Noticed Psyche
 15928 | D:13     | Killed Psyche
 16213 | D:14     | Noticed a hill giant
 16218 | D:14     | Killed a hill giant
 16218 | D:14     | Reached skill level 12 in Fighting
 16412 | D:14     | Found a gate to the Vaults.
 16742 | D:14     | Gained mutation: You cannot be stealthy. [Ru sacrifice]
 16783 | D:14     | Reached XP level 13. HP: 108/108 MP: 15/15
 16797 | D:14     | Noticed a four-headed hydra
 16802 | D:14     | Killed a four-headed hydra
 16889 | D:15     | Entered Level 15 of the Dungeon
 16992 | D:15     | Reached skill level 10 in Armour
 17105 | D:15     | Found a white marble altar of Elyvilon.
 17533 | D:15     | Found Qudgh's General Store.
 17701 | D:15     | Bought the amulet of the Four Winds {Clar rN+ MR+++} for 636 gold pieces
 17706 | D:15     | Bought a potion of heal wounds for 75 gold pieces
 17706 | D:15     | Bought a scroll of identify for 30 gold pieces
 17706 | D:15     | Bought a potion of might for 60 gold pieces
 17706 | D:15     | Bought a scroll of remove curse for 45 gold pieces
 17805 | D:15     | Noticed a sphinx
 17810 | D:15     | Killed a sphinx
 17820 | D:15     | Noticed a fire giant
 17829 | D:15     | Reached skill level 13 in Fighting
 17836 | D:15     | Killed a fire giant
 17843 | D:15     | Slain by a cyclops

Action                   |  1- 3 |  4- 6 |  7- 9 | 10-12 | 13-15 || total
-------------------------+-------+-------+-------+-------+-------++-------
Melee: Trident           |    46 |       |       |       |       ||    46
       Dagger            |       |    20 |       |       |       ||    20
       Quarterstaff      |       |    94 |   380 |   407 |       ||   881
       Lajatang          |       |       |       |   309 |   164 ||   473
 Fire: Hand crossbow     |    98 |    32 |       |       |       ||   130
       Arbalest          |       |    17 |       |       |       ||    17
Throw: Tomahawk          |       |       |       |     4 |       ||     4
       Throwing net      |       |       |       |     5 |       ||     5
Invok: Sacrifice Arcana  |       |       |     1 |       |       ||     1
       Reject Sacrifices |       |       |       |     2 |       ||     2
       Sacrifice Stealth |       |       |       |     1 |       ||     1
Evoke: Wand              |       |       |    10 |     5 |       ||    15
  Use: Potion            |     5 |       |     5 |     5 |     5 ||    20
       Scroll            |       |    12 |    11 |    11 |     2 ||    36
 Stab: Paralysed         |       |     7 |     4 |     3 |       ||    14
       Sleeping          |       |       |     1 |       |       ||     1
       Confused          |       |       |       |     1 |       ||     1
       Distracted        |       |       |       |     3 |       ||     3
  Eat: Chunk             |     2 |     4 |    17 |    24 |     4 ||    51
       Royal jelly       |     1 |       |       |     1 |       ||     2
       Beef jerky        |       |       |       |     3 |     1 ||     4
       Pizza             |       |       |       |     4 |       ||     4
